 Dungeon Crawl Stone Soup version 0.30-a0-368-g86fb4627a9 (webtiles) character file.

Game seed: 11653615433422543995

129 qeuew the Ruffian (level 4, -3/45 HPs)
             Began as a Troll Monk on Nov 20, 2022.
             Slain by Sigmund
             ... wielding a +4 scythe of venom
              (6 damage)
             ... while paralysed by Grinder
             ... on level 3 of the Dungeon.
             The game lasted 00:01:58 (1182 turns).

qeuew the Ruffian (Troll Monk)                      Turns: 1182, Time: 00:01:59

Health: -3/45      AC:  4    Str: 19    XL:     4   Next: 88%
Magic:  3/3        EV:  1    Int:  6    God:
Gold:   92         SH:  0    Dex: 14    Spells: 3/3 levels left

rFire   . . .      SeeInvis .      - Unarmed
rCold   . . .      Faith    .    (no shield)
rNeg    . . .      Spirit   .    a - +0 robe
rPois   .          Reflect  .    (helmet restricted)
rElec   .          Harm     .    (no cloak)
rCorr   .          Rampage  .    (gloves unavailable)
Will    .....                    (boots unavailable)
Stlth   ++........               (no amulet)
HPRegen 1.07/turn                d - +4 ring of evasion
MPRegen 0.08/turn                (no ring)

@: paralysed, lethally poisoned (-3 -> -6)
A: large, unfitting armour, claws 3, regeneration 1, shaggy fur 1, tough skin 1
a: no special abilities


You were on level 3 of the Dungeon.
You visited 1 branch of the dungeon, and saw 3 of its levels.

You collected 92 gold pieces.

Inventory:

Armour
 a - a +0 robe (worn)
Jewellery
 d - a +4 ring of evasion (left claw)
Wands
 g - a wand of flame (18) (quivered)
Scrolls
 j - a scroll of teleportation
Potions
 b - a potion of ambrosia
 c - a potion of curing
 e - 2 potions of haste
 h - a potion of might


   Skills:
 + Level 3.1 Fighting
 + Level 3.1 Dodging
 - Level 1.0 Stealth
 * Level 4.5 Unarmed Combat
 + Level 0.0 Evocations


You had 3 spell levels left.
You didn't know any spells.
Your spell library contained the following spells:

 Spells                   Type           Power      Damage    Failure   Level
 Ignite Poison            Fire/Tmut/Pois 0%         N/A       83%         3
 Kindle Blastsparks       Fire/Tloc/Air  0%         2d10      83%         3
 Freezing Cloud           Conj/Ice/Air   0%         6-21      100%        5


Dungeon Overview and Level Annotations

Branches:
Dungeon (3/15)

Altars:

Annotations:
D:3 Grinder, Sigmund


Innate Abilities, Weirdness & Mutations

You are too large for most types of armour.
You have claws for hands.
Your natural rate of healing is unusually fast.
You are covered in fur. (AC +1)
You have tough skin. (AC +1)


Message History

You claw Sigmund!
Sigmund is heavily wounded.
You feel sick.
Grinder rolls her eyes.
Sigmund points at you and mumbles some strange words.
You resist with some effort.
You closely miss Sigmund.
Sigmund is heavily wounded.
You feel sick.
Grinder blinks!
Sigmund says, "Your kind have come here before.
I understand now why.
You desire death..."
Sigmund hits you but does no damage.
You are more poisoned.
You claw Sigmund!
Sigmund is almost dead.
You feel very sick.
Unknown command.
You closely miss Sigmund.
Sigmund is almost dead.
You feel very sick. Sigmund closely misses you.
You barely miss Sigmund.
Sigmund is almost dead.
You feel sick.
You feel better. Sigmund misses you.
Unknown command.
You barely miss Sigmund.
Sigmund is almost dead.
Sigmund misses you. Grinder gestures at you.
You suddenly lose the ability to move!
Grinder says, "DUCK!"
Sigmund casts a spell at you. The puff of flame hits you!
Sigmund hits you with a +4 scythe of venom!
* * * LOW HITPOINT WARNING * * *
You are lethally poisoned!
* * * LOW HITPOINT WARNING * * *
You feel very sick.
Sigmund hits you with a +4 scythe of venom.
You die...

#......#
#......#
#......#
#..>...#
#......#
#.....<#
###.#####
#...######
#..##.@@..#
....##..5....#
...###.........#
.# #.........#
#.........#
#.........#
#.......).#
##.......##


You could see Grinder and Sigmund.

Vanquished Creatures
  A hound (D:2)
  6 adders (D:2)
  A worm (D:2)
  A dart slug (D:2)
  3 bats
  5 endoplasms
  A giant cockroach (D:1)
  9 goblins
  4 hobgoblins (D:1)
  2 jackals (D:2)
  A ball python (D:2)
  4 frilled lizards
  A kobold (D:1)
  A rat (D:2)
40 creatures vanquished.

Notes
Turn   | Place    | Note
-------+----------+-------------------------------------------
     0 | D:1      | qeuew the Troll Monk began the quest for the Orb.
     0 | D:1      | Reached XP level 1. HP: 22/22 MP: 0/0
   121 | D:1      | Reached XP level 2. HP: 29/29 MP: 1/1
   533 | D:2      | Reached XP level 3. HP: 26/36 MP: 2/2
   570 | D:2      | Identified the +3 ring mail of Feral Life {Slay+2}
   678 | D:2      | Reached skill level 4 in Unarmed Combat
   682 | D:2      | Reached XP level 4. HP: 44/44 MP: 3/3
  1166 | D:3      | Noticed Sigmund
  1167 | D:3      | Noticed Grinder
  1178 | D:3      | Paralysed by Grinder for 5 turns
  1182 | D:3      | Slain by Sigmund

Illustrated notes

Levels and vault maps discovered:
D:1:      dpeg_arrival_radiant, layout_basic
D:2:      layout_loops_ring
D:3:      layout_rooms, mainiacjoe_overflow_surrounded_room,
          portal_sewer_entry_e, nicolae_ecumenical_pavilion,
          hangedman_decor_peaks_small, corexii_hall_statues_l,
          grunt_decor_fettered, kennysheep_another_room,
          kennysheep_generic_room_9, uniq_jessica, uniq_grinder, uniq_sigmund

Skill      XL: |  1  2  3  4 |
---------------+-------------+-----
Unarmed Combat | 4 |  4.5
Fighting       | 3 |  3.1
Dodging        | 3 |  3.1
Stealth        | |  1.0

Action                   |  1- 3 |  4- 6 || total
-------------------------+-------+-------++-------
Melee: Unarmed           |    79 |    31 ||   110
       Punch             |     2 |       ||     2
  Use: Scroll            |     5 |     4 ||     9
       Potion            |       |     1 ||     1
 Stab: Sleeping          |     4 |     3 ||     7
       Distracted        |       |     2 ||     2
Armor: Robe              |    26 |     3 ||    29
Dodge: Dodged            |    67 |    14 ||    81

Table legend: (Time is in decaauts)
 A = Elapsed time spent in this place.
 B = Non-inter-level travel time spent in this place.
 C = Inter-level travel time spent in this place.
 D = Time resting spent in this place.
 E = Time spent auto-exploring this place.
 F = Levels seen in this place.
 G = Mean time per level.
                   A        B        C        D        E       F      G
               +--------+--------+--------+--------+--------+-----+--------+
         Total |   1173 |   1154 |     19 |      0 |    888 |   3 |  391.0 |
       Dungeon |   1173 |   1154 |     19 |      0 |    888 |   3 |  391.0 |
               +--------+--------+--------+--------+--------+-----+--------+

Top non-repeatable levels by time:
     D:2: 651 daAuts
     D:1: 500 daAuts
     D:3: 22 daAuts
